 Dungeon Crawl Stone Soup version 0.27.1-15-g792fb953b9 (webtiles) character file.

Game seed: 14818859854135348524

128 Findor the Cudgeller (level 4, 0/33 HPs)
             Began as a Demonspawn Gladiator on Nov 20, 2021.
             Slain by an orc (2 damage)
             ... on level 3 of the Dungeon.
             The game lasted 00:02:17 (2805 turns).

Findor the Cudgeller (Demonspawn Gladiator)         Turns: 2805, Time: 00:02:18

Health: 0/33       AC:  6    Str: 16    XL:     4   Next: 87%
Magic:  4/4        EV: 12    Int:  9    God:
Gold:   74         SH:  0    Dex: 14    Spells: 3/3 levels left

rFire    + . .     SeeInvis .   a - +0 flail
rCold    + + .     Faith    .   (no shield)
rNeg     . . .     Spirit   .   g - +2 leather armour {rC+}
rPois    +         Reflect  .   c - +0 helmet
rElec    +         Harm     .   (no cloak)
rCorr    +         Rampage  .   (no gloves)
Will     +....                  (no boots)
Stlth    +.........             (no amulet)
HPRegen  0.11/turn              i - ring of willpower
MPRegen  0.09/turn              (no ring)

@: resistant, attractive
A: talons 1, powered by pain 1
a: no special abilities


You were on level 3 of the Dungeon.
You visited 1 branch of the dungeon, and saw 3 of its levels.

You collected 74 gold pieces.


Innate Abilities, Weirdness & Mutations

You have sharp toenails.
You sometimes gain a little power by taking damage.


   Skills:
 - Level 2.0 Fighting
 * Level 5.1 Maces & Flails
 - Level 1.7 Throwing
 - Level 2.6 Dodging


You had 3 spell levels left.
You didn't know any spells.
Your spell library contained the following spells:

 Spells                   Type           Power      Damage    Failure   Level
 Sting                    Tmut/Pois      0%         1d3       45%         1
 Poisonous Vapours        Pois/Air       0%         N/A       58%         2
 Olgreb's Toxic Radiance  Pois           0%         N/A       99%         4

Inventory:

Hand Weapons
 a - a +0 flail (weapon)
Missiles
 d - 3 throwing nets (quivered) {!f}
 h - 7 javelins
Armour
 b - a +0 leather armour
 c - a +0 helmet (worn)
 g - a +2 leather armour of cold resistance (worn)
   (You found it on level 1 of the Dungeon)
 k - a +0 pair of boots
   (You found it on level 2 of the Dungeon)
Jewellery
 i - a ring of willpower (left hand)
   (You found it on level 1 of the Dungeon)
Scrolls
 e - 4 scrolls of identify {unknown}
 l - a scroll of enchant weapon {unknown}


Message History

The ball python hisses angrily.
You hear a shout! x3
A ball python is nearby!
An orc priest comes into view. It is wielding a +0 hand axe.
The orc priest moves out of view.
An orc comes into view. It is wielding a +0 flail.
Found a fuming sapphire potion.
You hit the ball python.
You kill the ball python!
An orc comes into view. It is wielding a +0 club.
Found 20 stones.
The orc shouts!
You hear a shout!
The orc hits you with a +0 flail.
An orc priest comes into view. It is wielding a +0 falchion.
You sock the orc!
You kill the orc!
You thump the orc!
You kill the orc!
You closely miss the orc priest. Your kick misses the orc priest.
The orc priest hits you with a +0 hand axe.
You closely miss the orc priest.
The orc priest mumbles some strange prayers to Beogh against you.
Beogh smites you!
* * * LOW HITPOINT WARNING * * *
It was a potion of attraction.
You feel attractive to monsters. The orc priest closely misses you.
You closely miss the orc priest. The orc priest is pulled toward you!
You hit the orc priest. You claw the orc priest.
The orc priest closely misses you.
The orc priest hits you with a +0 hand axe.
* * * LOW HITPOINT WARNING * * *
You sock the orc priest!
You kill the orc priest!
The orc priest hits you with a +0 hand axe.
* * * LOW HITPOINT WARNING * * *
Your Maces & Flails skill increases to level 5!
It was a potion of resistance.
You feel protected.
An orc comes into view. It is wielding a +0 hand axe.
The orc priest calls down the wrath of Beogh upon you.
Pain shoots through your body!
* * * LOW HITPOINT WARNING * * *
The orc is pulled toward you!
It was a potion of magic.
Magic courses through your body. The orc misses you.
The orc priest mumbles some strange prayers to Beogh against you.
You resist with some effort.
You thump the orc priest! Your kick misses the orc priest.
A bat comes into view.
The orc hits you with a +0 hand axe.
You die...

##........# ##..............#
#......<........#####
#....(..........#.... ##
...!.......>.....### ...#
...............## #...#...
#....†...## #..oo######.....##
#@†## #......# ##..# #...)..#
##.# ######.# # #.#########.#
#. #...........### ...
#..############....## >.. #...
...................
...####.######.#...†########.##
. ..#.......###......# #...


You could see an orc priest and an orc.

Vanquished Creatures
  An orc priest (D:3)
  3 adders
  A worm (D:3)
  2 dart slugs
  2 orcs (D:3)
  7 ball pythons
  2 endoplasms
  8 goblins
  9 hobgoblins
  2 jackals (D:1)
  2 quokkas
  5 bats
  4 frilled lizards
  7 kobolds
  8 rats
63 creatures vanquished.

Notes
Turn   | Place    | Note
-------+----------+-------------------------------------------
     0 | D:1      | Findor the Demonspawn Gladiator began the quest for the
                  | Orb.
     0 | D:1      | Reached XP level 1. HP: 16/16 MP: 1/1
    17 | D:1      | Reached skill level 3 in Maces & Flails
   339 | D:1      | Gained mutation: You sometimes gain a little power by
                  | taking damage. [demonic ancestry]
   339 | D:1      | Reached XP level 2. HP: 22/22 MP: 2/2
  1259 | D:2      | Gained mutation: You have sharp toenails. [demonic
                  | ancestry]
  1259 | D:2      | Reached XP level 3. HP: 27/27 MP: 3/3
  1295 | D:2      | Reached skill level 4 in Maces & Flails
  1659 | D:2      | Found a shimmering blue altar of Sif Muna.
  1931 | D:2      | Reached XP level 4. HP: 26/33 MP: 4/4
  2803 | D:3      | Reached skill level 5 in Maces & Flails
  2803 | D:3      | HP: 2/33 [orc priest/nerve-wracking pain (6)]
  2805 | D:3      | Slain by an orc

Levels and vault maps discovered:
D:1:      minmay_arrival_shoal_huts, layout_loops_ring, eino_curves_02
D:2:      cheibrodos_greedy_goblins, layout_basic, basic_altar,
          serial_bayou_ford_a
D:3:      layout_rooms

Action                   |  1- 3 |  4- 6 || total
-------------------------+-------+-------++-------
Melee: Flail             |   144 |    51 ||   195
       Kick              |    13 |     7 ||    20
  Use: Potion            |       |     3 ||     3
 Stab: Sleeping          |     1 |       ||     1
Armor: Leather armour    |    55 |    13 ||    68
Dodge: Dodged            |   125 |    27 ||   152
